 Dungeon Crawl Stone Soup version 0.30-a0-879-ga8ba668304 (webtiles) character file.

Game seed: 6927423700205708616

23466 bobo the Skirmisher (level 13, -28/85 HPs)
             Began as a Kobold Hunter on Mar 12, 2023.
             Was an Initiate of Yredelemnul.
             Killed by an exploding white imp (51 damage)
             ... ignited by their inner flame
             ... on level 4 of the Lair of Beasts.
             The game lasted 00:57:19 (15577 turns).

bobo the Skirmisher (Kobold Hunter)                Turns: 15577, Time: 00:57:20

Health: -28/85     AC: 12    Str:  8    XL:     13   Next: 35%
Magic:  4/20       EV: 16    Int: 13    God:    Yredelemnul [......]
Gold:   816        SH:  9    Dex: 30    Spells: 12/24 levels left

rFire   x . .      SeeInvis +    y - +0 hand crossbow
rCold   + . .      Faith    .    J - +2 buckler {rPois}
rNeg    + + .      Spirit   .    r - +3 steam dragon scales
rPois   +          Reflect  .    L - +0 hat
rElec   +          Rampage  .    l - +1 cloak
rCorr   .                        j - +0 pair of gloves "Kepliugoe" {rN++ Int+4}
Will    .....                    (no boots)
Stlth   ++++++                   (no amulet)
HPRegen 0.34/turn                m - ring "Taetruqu" {Ice rElec Dex+3 Stlth+}
MPRegen 0.17/turn                i - ring of see invisible

@: hasted and slowed
A: small, no large weapons, nightstalker 3, horns 1, agile 1, low MP 1, shaggy
fur 1, MP-powered wands
a: Renounce Religion, Recall Undead Harvest


You were on level 4 of the Lair of Beasts.
You worshipped Yredelemnul.
Yredelemnul was aware of your devotion.
You visited 2 branches of the dungeon, and saw 14 of its levels.
You also visited: Ossuary.

You collected 858 gold pieces.
You spent 42 gold pieces at shops.

Inventory:

Hand Weapons
 k - the +6 shortbow "Wodiz" {flame, Int+3}
   (You acquired it on level 4 of the Dungeon)

   Int:       It affects your intelligence (+3).
 s - a +0 dagger of protection
 y - a +0 hand crossbow (weapon)
Missiles
 M - 2 throwing nets
Armour
 j - the +0 pair of gloves "Kepliugoe" (worn) {rN++ Int+4}
   (You acquired it on level 4 of the Dungeon)

   Int:       It affects your intelligence (+4).
   rN:        It greatly protects you from negative energy.
 l - a +1 cloak (worn)
 r - +3 steam dragon scales (worn)
 J - a +2 buckler of poison resistance (worn)
 L - a +0 hat (worn)
Jewellery
 c - a ring of resist corrosion
 i - a ring of see invisible (right hand)
 m - the ring "Taetruqu" (left hand) {Ice rElec Dex+3 Stlth+}
   (You acquired it on level 4 of the Dungeon)

   [ring of ice]

   It enhances your ice magic.
   Dex:       It affects your dexterity (+3).
   rF:        It makes you vulnerable to fire.
   rC:        It protects you from cold.
   rElec:     It insulates you from electricity.
   Stlth:     It makes you more stealthy.
 o - a ring of protection from fire
 K - a ring of positive energy
Wands
 g - a wand of iceblast (25)
 p - a wand of acid (11)
 q - a wand of flame (23)
 t - a wand of paralysis (14)
Scrolls
 a - 4 scrolls of vulnerability
 b - 3 scrolls of immolation
 d - 9 scrolls of teleportation
 w - 3 scrolls of magic mapping
 z - 2 scrolls of amnesia
 A - 3 scrolls of fog
 B - 2 scrolls of identify
 C - a scroll of blinking
 D - a scroll of fear
Potions
 f - 2 potions of might
 h - 4 potions of berserk rage
 n - 5 potions of curing
 u - 4 potions of cancellation
 v - 3 potions of attraction
 x - a potion of invisibility
 E - a potion of haste
 F - a potion of brilliance
 G - a potion of magic
 H - a potion of flight
 I - 5 potions of lignification


   Skills:
 + Level 11.8 Fighting
 + Level 14.6 Ranged Weapons
 - Level 2.4 Dodging
 - Level 5.6 Stealth
 + Level 4.2 Shields
 - Level 6.1 Spellcasting
 - Level 6.0 Hexes
 - Level 6.0 Translocations
 - Level 4.0 Fire Magic
 + Level 9.4 Invocations


You had 12 spell levels left.
You knew the following spells:

 Your Spells              Type           Power      Damage    Failure   Level
a - Passwall              Tmut/Erth      3%         N/A       36%         2
e - Inner Flame           Hex/Fire       17%        N/A       10%         3
s - Leda's Liquefaction   Hex/Erth       5%         N/A       56%         4
z - Portal Projectile     Hex/Tloc       38%        N/A       6%          3

Your spell library contained the following spells:

 Spells                   Type           Power      Damage    Failure   Level
 Confusing Touch          Hex            19%        N/A       6%          3
 Foxfire                  Conj/Fire      36%        2x1d5     11%         1
 Kiss of Death            Conj/Necr      16%        2d6       24%         1
 Sandblast                Erth           8%         2d5       24%         1
 Cigotuvi's Dreadful Rot  Necr/Pois/Air  8%         N/A       36%         2
 Poisonous Vapours        Pois/Air       8%         N/A       36%         2
 Call Canine Familiar     Summ           4%         N/A       58%         3
 Mephitic Cloud           Conj/Pois/Air  4%         N/A       58%         3
 Stone Arrow              Conj/Erth      8%         3d7       58%         3
 Flame Wave               Conj/Fire      9%         2d6       71%         4
 Sticky Flame             Conj/Fire      9%         2d3       71%         4
 Dispel Undead            Necr           4%         3d7       94%         4
 Petrify                  Tmut/Erth      4%         N/A       94%         4


Dungeon Overview and Level Annotations

Branches:
Dungeon (10/15)            Temple (0/1) D:4            Lair (4/5) D:10
  Swamp (0/4) Lair:2       Spider (0/4) Lair:3          Orc (0/2) D:9
Ossuary (visited)
  Slime: Lair:4-5

Altars:
Dithmenos
Elyvilon
Uskayaw
Wu Jian
Yredelemnul

Shops:
D:5 *

Annotations:
D:5 3 runed translucent doors, monoptic's ghost, amateur MiFi


Innate Abilities, Weirdness & Mutations

You are small and have problems with some larger weapons.
You are completely attuned to the shadows.
You have a pair of small horns on your head.
You are agile. (Dex +4, Str/Int -1)
Your magical capacity is low. (-10% MP)
You are covered in fur. (AC +1)
You expend magic power (3 MP) to strengthen your wands.


Message History

You block the freezing wraith's attack.
Aiming: Throw Flame
Press: ? - help, Shift-Dir - straight line, f/p - freezing wraith
Aim: a freezing wraith (moderately damaged, 71% to hit)
You feel a surge of power!
The puff of flame hits the freezing wraith.
The freezing wraith is burned terribly!
The freezing wraith is heavily damaged.
You block the freezing wraith's attack. The freezing wraith closely misses you.
The freezing wraith hits you but does no damage.
You block the freezing wraith's attack.
Aiming: Throw Flame
Press: ? - help, Shift-Dir - straight line, f/p - freezing wraith
Aim: a freezing wraith (heavily damaged, 71% to hit)
You feel a surge of power!
The puff of flame misses the freezing wraith.
The freezing wraith hits you!
* * * LOW HITPOINT WARNING * * *
The freezing wraith freezes you! You resist.
* * * LOW HITPOINT WARNING * * *
You block the freezing wraith's attack.
You feel much better. The freezing wraith barely misses you.
You block the freezing wraith's attack. x2
The freezing wraith hits you but does no damage.
You feel yourself speed up. The freezing wraith hits you.
The freezing wraith freezes you! You resist.
* * * LOW HITPOINT WARNING * * *
You block the freezing wraith's attack.
You shoot a bolt. The bolt hits the freezing wraith!!
You destroy the freezing wraith!
You shoot a bolt. The bolt hits the white imp!
Flame seeps out of the white imp.
The white imp is severely wounded.
The white imp is engulfed in blazing flames.
A black mist starts to gather...
The white imp explodes!
The fiery explosion engulfs you!!! The fire burns you terribly!
Ouch! That really hurt!
You die...
Your body rises from the dead as a mindless zombie.

###P########.... ..
................
..#####.##P........
......###...##...#.##.
#....P#.#....##...#.###
#.....#......##...###..
#...§##......##.....#..
###....○§Z.....##....##..
#......#@..##.###...####.
PP.....##### ####...P##..
.......# #.........
.......... ..........
..⌠.≈Z~... ~≈.⌠......
...~~~≈.≈. ≈≈~.......
.≈~~≈.~.≈ ~~≈≈......
......


You could see a friendly spectral white imp.

Vanquished Creatures
  Erica (D:8)
  A hydra (Lair:4)
  2 two-headed ogres (D:9)
  A black mamba (Lair:1)
  4 cane toads
  3 komodo dragons
  A freezing wraith (Lair:4)
  2 trolls
  Grinder (D:6)
  2 blink frogs (Lair:3)
  A hornet (D:7)
  Prince Ribbit (D:6)
  13 yaks
  2 wyverns
  A wraith (D:10)
  3 basilisks
  A vampire mosquito (D:7)
  A steam dragon (D:8)
  2 wargs
  2 acid dragons
  5 swamp worms (Lair:2)
  7 water moccasins
  2 sky beasts
  4 orc warriors
  2 black bears (Lair:3)
  3 ice beasts (Lair:4)
  5 centaurs
  A phantom (D:5)
  5 wolves
  3 kobold brigands
  5 bullfrogs
  2 scorpions
  6 wights
  5 killer bees
  7 howler monkeys
  A hound (D:6)
  A jelly (D:5)
  7 orc priests
  A gnoll bouda (D:6)
  2 sleepcaps
  Terence (D:3)
  4 iguanas
  8 orc wizards
  2 ice beast zombies (Lair:4)
  3 mummies (Ossuary)
  12 gnolls
  3 adders
  3 white imps
  An ufetubus (D:6)
  2 adder zombies (Ossuary)
  A spectral white imp (Lair:4)
  2 worms
  4 dart slugs
  39 orcs
  10 endoplasms
  A giant cockroach (D:4)
  7 goblins
  9 hobgoblins
  8 jackals (D:2)
  16 kobolds
  4 quokkas
  12 ball pythons
  2 bats
  3 frilled lizards
  2 goblin zombies (Ossuary)
  3 hobgoblin zombies (Ossuary)
  2 orc zombies
  7 quokka zombies
  9 rats
  6 rat zombies (Ossuary)
  2 spectral orcs
307 creatures vanquished.

Vanquished Creatures (collateral kills)
  Gastronok (Lair:2)
  A skyshark (Lair:2)
  The ghost of pigah the Zephyrmancer, a novice OpWn (D:7)
  Maggie (D:6)
  An unseen horror (D:10)
  A komodo dragon (Lair:3)
  A troll (D:10)
  3 blink frogs (Lair:3)
  A tyrant leech (Lair:2)
  Sigmund (D:3)
  A wyvern (Lair:2)
  16 yaks
  A water moccasin (Lair:2)
  A swamp worm (Lair:2)
  2 wargs (D:10)
  An orc warrior (D:9)
  3 wolves (Lair:2)
  2 kobold brigands
  3 bullfrogs
  2 wights (D:9)
  5 killer bees (D:8)
  4 orc priests
  An iguana (D:5)
  An orc wizard (D:5)
  4 gnolls
  A dart slug (D:4)
  5 orcs
  A ball python (D:4)
  8 kobolds
  A butterfly (Lair:2)
75 creatures vanquished.

Vanquished Creatures (others)
  An elephant slug zombie (Lair:2)
  2 swamp worm zombies (Lair:2)
  A tyrant leech zombie (Lair:2)
  A cane toad zombie (Lair:2)
  A spectral human (Lair:2)
  A vampire mosquito zombie (D:7)
  A wyvern zombie (D:10)
  4 yak zombies (Lair:2)
  3 wolf zombies
  2 bullfrog zombies
  A scorpion zombie (D:5)
  A killer bee zombie (D:8)
  2 gnoll zombies
  A ball python zombie (D:3)
  A dart slug zombie (D:3)
  A goblin zombie (D:3)
  A hobgoblin zombie (D:3)
  3 jackal zombies (D:2)
  8 kobold zombies
  13 orc zombies
  A quokka zombie (D:5)
  A spectral ufetubus (D:6)
  23 fungi
  23 plants
97 creatures vanquished.

Grand Total: 479 creatures vanquished

Notes
Turn   | Place    | Note
-------+----------+-------------------------------------------
     0 | D:1      | bobo the Kobold Hunter began the quest for the Orb.
     0 | D:1      | Reached XP level 1. HP: 12/12 MP: 1/1
   114 | D:1      | Reached XP level 2. HP: 18/18 MP: 2/2
   165 | D:1      | Got the Elucidation of Glowing Anthracomancy
   486 | D:1      | Reached XP level 3. HP: 18/22 MP: 3/3
  1209 | D:2      | Reached XP level 4. HP: 23/28 MP: 4/4
  1251 | D:2      | Found a faded altar of an unknown god.
  1259 | D:2      | Prayed at the altar of an unknown god.
  1259 | D:2      | Became a worshipper of Yredelemnul the Dark
  1259 | D:2      | Reached * piety under Yredelemnul
  1294 | D:2      | Reached skill level 6 in Ranged Weapons
  2206 | D:3      | Noticed Sigmund
  2212 | D:3      | Noticed Terence
  2217 | D:3      | Killed Sigmund
  2218 | D:3      | Reached XP level 5. HP: 18/33 MP: 3/5
  2218 | D:3      | Reached XP level 6. HP: 20/38 MP: 3/6
  2222 | D:3      | Killed Terence
  2223 | D:3      | Reached skill level 7 in Ranged Weapons
  2223 | D:3      | Reached skill level 5 in Stealth
  2492 | D:3      | Reached ** piety under Yredelemnul
  2551 | D:4      | Identified 3 scrolls of acquirement
  2553 | D:4      | Acquired the +0 pair of gloves "Kepliugoe" {rN++ Int+4}
  2560 | D:4      | Acquired the ring "Taetruqu" {Ice rElec Dex+3 Stlth+}
  2563 | D:4      | Acquired the +6 shortbow "Wodiz" {flame, Int+3}
  2688 | D:4      | Identified the +1 robe of Claustrophobia {rF- Int+4}
  2774 | D:4      | Learned a level 2 spell: Passwall
  2781 | D:4      | Reached XP level 7. HP: 44/44 MP: 7/7
  2853 | D:4      | Found a staircase to the Ecumenical Temple.
  2884 | D:4      | Learned a level 3 spell: Portal Projectile
  3283 | D:5      | Entered Level 5 of the Dungeon
  3316 | D:5      | Reached skill level 5 in Fighting
  3316 | D:5      | Reached skill level 1 in Spellcasting
  3316 | D:5      | Reached skill level 1 in Hexes
  3316 | D:5      | Reached skill level 1 in Translocations
  3386 | D:5      | Found Nyimenuz's General Store.
  3402 | D:5      | Bought a potion of curing for 42 gold pieces
  3457 | D:5      | Found a runed translucent gate.
  3458 | D:5      | Found a runed translucent gate.
  3460 | D:5      | Found a runed translucent gate.
  3526 | D:5      | Reached XP level 8. HP: 49/49 MP: 6/10
  3702 | D:5      | Reached skill level 8 in Ranged Weapons
  4278 | D:5      | Noticed monoptic's ghost (amateur MiFi)
  4338 | D:6      | Noticed Grinder
  4402 | D:6      | Noticed Prince Ribbit
  4411 | D:6      | Killed Prince Ribbit
  4630 | D:6      | Noticed Maggie
  4639 | D:6      | Killed Maggie
  4640 | D:6      | Reached XP level 9. HP: 54/56 MP: 11/14
  4680 | D:6      | Reached skill level 9 in Ranged Weapons
  4777 | D:6      | Killed Grinder
  5078 | D:7      | Noticed a hornet
  5084 | D:7      | Killed a hornet
  5152 | D:7      | Found a runed translucent door.
  5156 | D:7      | Noticed pigah's ghost (novice OpWn)
  5188 | D:7      | Found a sand-covered staircase.
  5199 | Ossuary  | Entered an ossuary
  5371 | D:7      | Gained mutation: You have large cloven feet. [potion of
                  | mutation]
  5371 | D:7      | Gained mutation: You occasionally lose the ability to read
                  | scrolls when taking damage. [potion of mutation]
  5372 | D:7      | Lost mutation: You have large cloven feet. [potion of
                  | mutation]
  5372 | D:7      | Lost mutation: You occasionally lose the ability to read
                  | scrolls when taking damage. [potion of mutation]
  5372 | D:7      | Gained mutation: Your muscles are strong. (Str +4, Int/Dex
                  | -1) [potion of mutation]
  5372 | D:7      | Gained mutation: You occasionally shout uncontrollably at
                  | your foes. [potion of mutation]
  5372 | D:7      | Gained mutation: You are somewhat resistant to further
                  | mutation. [potion of mutation]
  5373 | D:7      | Lost mutation: You occasionally shout uncontrollably at
                  | your foes. [potion of mutation]
  5373 | D:7      | Lost mutation: You are somewhat resistant to further
                  | mutation. [potion of mutation]
  5373 | D:7      | Lost mutation: Your muscles are strong. (Str +4, Int/Dex
                  | -1) [potion of mutation]
  5373 | D:7      | Gained mutation: Your body sometimes deteriorates upon
                  | taking damage. [potion of mutation]
  5373 | D:7      | Gained mutation: Your spells are a little easier to cast,
                  | but a little less powerful. [potion of mutation]
  5373 | D:7      | Gained mutation: You are partially covered in iridescent
                  | scales. (AC +2) [potion of mutation]
  5374 | D:7      | Lost mutation: You are partially covered in iridescent
                  | scales. (AC +2) [potion of mutation]
  5374 | D:7      | Lost mutation: Your body sometimes deteriorates upon taking
                  | damage. [potion of mutation]
  5374 | D:7      | Gained mutation: Armour fits poorly on your strangely
                  | shaped body. [potion of mutation]
  5374 | D:7      | Gained mutation: You are covered in fur. (AC +1) [potion of
                  | mutation]
  5374 | D:7      | Gained mutation: You are covered in thick fur. (AC +2)
                  | [potion of mutation]
  5395 | D:7      | Lost mutation: Your spells are a little easier to cast, but
                  | a little less powerful. [potion of mutation]
  5395 | D:7      | Lost mutation: You are covered in thick fur. (AC +2)
                  | [potion of mutation]
  5395 | D:7      | Gained mutation: Your flesh is heat resistant. (rF+)
                  | [potion of mutation]
  5395 | D:7      | Gained mutation: You sometimes lose your temper in combat.
                  | [potion of mutation]
  5395 | D:7      | Gained mutation: You have sharp fingernails. [potion of
                  | mutation]
  5395 | D:7      | Gained mutation: Your spells are a little harder to cast,
                  | but a little more powerful. [potion of mutation]
  5396 | D:7      | Lost mutation: Armour fits poorly on your strangely shaped
                  | body. [potion of mutation]
  5396 | D:7      | Lost mutation: Your spells are a little harder to cast, but
                  | a little more powerful. [potion of mutation]
  5396 | D:7      | Gained mutation: Your spells are a little harder to cast,
                  | but a little more powerful. [potion of mutation]
  5396 | D:7      | Gained mutation: You expend magic power (3 MP) to
                  | strengthen your wands. [potion of mutation]
  5397 | D:7      | Lost mutation: You have sharp fingernails. [potion of
                  | mutation]
  5397 | D:7      | Lost mutation: Your flesh is heat resistant. (rF+) [potion
                  | of mutation]
  5397 | D:7      | Lost mutation: You sometimes lose your temper in combat.
                  | [potion of mutation]
  5397 | D:7      | Gained mutation: You have a pair of small horns on your
                  | head. [potion of mutation]
  5397 | D:7      | Gained mutation: Your magical capacity is low. (-10% MP)
                  | [potion of mutation]
  5397 | D:7      | Lost mutation: Your spells are a little harder to cast, but
                  | a little more powerful. [potion of mutation]
  5397 | D:7      | Gained mutation: You are agile. (Dex +4, Str/Int -1)
                  | [potion of mutation]
  5575 | D:7      | Found a basalt altar of Yredelemnul.
  5632 | D:7      | Reached skill level 1 in Invocations
  5694 | D:7      | Reached XP level 10. HP: 63/63 MP: 14/14
  5697 | D:7      | Reached skill level 10 in Ranged Weapons
  5732 | D:7      | Reached *** piety under Yredelemnul
  6073 | D:7      | Reached skill level 5 in Hexes
  6185 | D:7      | Reached skill level 5 in Translocations
  6541 | D:7      | Killed pigah's ghost
  6775 | D:8      | Found an ornate altar of the Wu Jian Council.
  6876 | D:8      | Noticed Erica
  6889 | D:8      | Killed Erica
  7238 | D:8      | Reached skill level 11 in Ranged Weapons
  7714 | D:8      | Learned a level 3 spell: Inner Flame
  8174 | D:9      | Noticed a two-headed ogre
  8336 | D:9      | Reached XP level 11. HP: 67/68 MP: 15/15
  8348 | D:9      | Reached skill level 1 in Fire Magic
  8565 | D:9      | Killed a two-headed ogre
  8566 | D:9      | Reached skill level 5 in Invocations
  8737 | D:9      | Noticed a two-headed ogre
  8744 | D:9      | Killed a two-headed ogre
  8754 | D:9      | Found a white marble altar of Elyvilon.
  8867 | D:9      | Reached skill level 12 in Ranged Weapons
  9091 | D:9      | Found a staircase to the Orcish Mines.
  9097 | D:9      | Reached **** piety under Yredelemnul
  9209 | D:9      | Found a hide-covered altar of Uskayaw.
  9312 | D:9      | Reached ***** piety under Yredelemnul
  9671 | D:9      | Noticed Maurice
  9685 | D:9      | Killed Maurice
  9685 | D:9      | Enslaved Maurice
  9945 | D:10     | Entered Level 10 of the Dungeon
 10055 | D:10     | Reached skill level 5 in Spellcasting
 10346 | D:10     | Found a staircase to the Lair.
 10718 | D:10     | Reached XP level 12. HP: 68/77 MP: 18/18
 10973 | D:10     | Reached skill level 10 in Fighting
 11323 | Lair:1   | Entered Level 1 of the Lair of Beasts
 11611 | Lair:1   | Reached skill level 13 in Ranged Weapons
 12807 | Lair:2   | Noticed a four-headed hydra
 12808 | Lair:2   | Reached skill level 1 in Shields
 12985 | Lair:2   | Your ally Maurice died
 12994 | Lair:2   | Noticed Gastronok
 13039 | Lair:2   | Killed Gastronok
 13221 | Lair:2   | Noticed an eight-headed hydra
 13465 | Lair:2   | Learned a level 4 spell: Leda's Liquefaction
 13588 | Lair:2   | Noticed a skyshark
 13593 | Lair:2   | Killed a skyshark
 13682 | Lair:2   | Your ally Gastronok died
 13858 | Lair:2   | Found a staircase to the Swamp.
 13980 | Lair:2   | Found a shadowy altar of Dithmenos.
 14367 | Lair:3   | Reached XP level 13. HP: 74/84 MP: 20/20
 14435 | Lair:3   | Reached skill level 14 in Ranged Weapons
 14768 | Lair:3   | Found a hole to the Spider Nest.
 14823 | Lair:3   | Reached ****** piety under Yredelemnul
 15400 | Lair:4   | Noticed a six-headed hydra
 15404 | Lair:4   | Killed a six-headed hydra
 15570 | Lair:4   | HP: 4/85 [freezing wraith (10)]
 15577 | Lair:4   | Killed by an exploding white imp... ignited by their inner
                  | flame

Illustrated notes

Levels and vault maps discovered:
D:1:      wander_arrival_estate, layout_rooms, hangedman_glass_teeth,
          feat_on_display
D:2:      minmay_angry_zag, layout_basic,
          hellmonk_ecumenical_altar_slurped_away, grunt_ministairs_11,
          dreamdust_princess_corridor
D:3:      layout_loops_ring, serial_glass, glass_columns_c, glass_columns_a,
          feat_on_display, minmay_tree_intersection, uniq_sigmund, uniq_terence
D:4:      layout_basic, minmay_temple_entry_statues_fountains,
          minmay_misc_feat_ornament
D:5:      layout_basic, gammafunk_ghost_icy, serial_shops,
          nicolae_shop_hallway_stairs
D:6:      layout_basic, chequers_serial_rivers_small_3, uniq_grinder,
          uniq_maggie, uniq_prince_ribbit1
D:7:      layout_basic, yredelemnul_forgotten_temple_becter, enter_ossuary_4,
          ebering_ghost_inner_flame, minmay_splitting_lines
D:8:      layout_cave_pools, mainiacjoe_overflow_six_doors_small, eino_jars,
          uniq_erica
D:9:      layout_basic, mainiacjoe_overflow_swirl, david_orc_1_choice,
          uniq_maurice
D:10:     layout_loops_corners, erik_lair_orcish_takeover, st_stairs_7
Lair:1:   layout_chaotic_city, infiniplex_staircase_pool_2, grunt_megastairs_3
Lair:2:   layout_regular_city, palyth_hydra_swamp_entry, basic_altar,
          lemuel_fruit_fields, uniq_gastronok
Lair:3:   layout_roguey, dummy_spider_entry
Lair:4:   layout_regular_city, dpeg_slime_entry_enclosed, ice2_lemuel,
          lemuel_fruit_fields, lemuel_fruit_tree

Skill      XL: |  1  2  3  4  5  6  7  8  9 10 11 12 13 |
---------------+----------------------------------------+-----
Stealth        | 2 3 4 5 |  5.6
Fighting       | 3 4 5 6 7 8 9 11 | 11.8
Ranged Weapons | 6 7 8 9 11 12 13 14 | 14.6
Spellcasting   | 1 3 4 5 6 |  6.1
Hexes          | 1 3 4 6 |  6.0
Translocations | 1 3 4 6 |  6.0
Invocations    | 1 4 6 8 9 |  9.4
Fire Magic     | 4 |  4.0
Shields        | 3 4 |  4.2
Dodging        | |  2.4

Action                     |  1- 3 |  4- 6 |  7- 9 | 10-12 | 13-15 || total
---------------------------+-------+-------+-------+-------+-------++-------
  Melee: Dagger            |     8 |       |       |       |       ||     8
   Fire: Shortbow          |    95 |    93 |   186 |   275 |       ||   649
         Hand crossbow     |       |       |       |   112 |    66 ||   178
   Cast: Portal Projectile |       |       |     2 |    29 |     5 ||    36
         Passwall          |       |       |       |     1 |       ||     1
         Inner Flame       |       |       |       |     4 |     2 ||     6
 Invoke: Recall Undead Har |       |     1 |     2 |     7 |       ||    10
         Dark Bargain      |       |       |     4 |     7 |     1 ||    12
         Bind Soul         |       |       |       |     1 |       ||     1
  Evoke: Wand              |       |       |       |       |     2 ||     2
    Use: Scroll            |       |     9 |    11 |    15 |       ||    35
         Potion            |       |       |     7 |     6 |     3 ||    16
 Armour: Leather armour    |     9 |     8 |     3 |       |       ||    20
         Steam dragon scal |       |       |     5 |    56 |    19 ||    80
  Dodge: Dodged            |    37 |    38 |    42 |   175 |    47 ||   339
  Block: Buckler           |       |       |       |    34 |    28 ||    62

Table legend: (Time is in decaauts)
 A = Elapsed time spent in this place.
 B = Non-inter-level travel time spent in this place.
 C = Inter-level travel time spent in this place.
 D = Time resting spent in this place.
 E = Time spent auto-exploring this place.
 F = Levels seen in this place.
 G = Mean time per level.
                   A        B        C        D        E       F      G
               +--------+--------+--------+--------+--------+-----+--------+
         Total |  15740 |  15346 |    394 |   1830 |  10906 |  15 | 1049.3 |
       Dungeon |  11201 |  10907 |    294 |    835 |   8234 |  10 | 1120.1 |
          Lair |   4368 |   4268 |    100 |    965 |   2672 |   4 | 1092.0 |
       Ossuary |    171 |    171 |      0 |     30 |      0 |   1 |  171.0 |
               +--------+--------+--------+--------+--------+-----+--------+

Top non-repeatable levels by time:
     D:9: 1844 daAuts
  Lair:2: 1701 daAuts
     D:7: 1459 daAuts
     D:8: 1438 daAuts
    D:10: 1373 daAuts
  Lair:1: 1316 daAuts
  Lair:3: 1102 daAuts
     D:5: 1034 daAuts
     D:2: 1027 daAuts
     D:3: 901 daAuts
     D:4: 765 daAuts
     D:6: 723 daAuts
     D:1: 634 daAuts
  Lair:4: 248 daAuts
 Ossuary: 171 daAuts
